 Dungeon Crawl Stone Soup version 0.20.0-8-g6b59dc7 (webtiles) character file.

93 Ketharn the Conjurer (level 4, -1/21 HPs)
             Began as a Spriggan Conjurer on June 1, 2017.
             Slain by Rrauwl's ghost (5 damage)
             ... on level 3 of the Dungeon.
             The game lasted 00:11:36 (3120 turns).

Ketharn the Conjurer (Spriggan Conjurer)            Turns: 3120, Time: 00:11:36

Health: -1/21      AC:  3    Str:  5    XL:     4   Next: 37%
Magic:  4/9        EV: 19    Int: 16    God:
Gold:   198        SH:  0    Dex: 16    Spells: 5/8 levels left

rFire    . . .     SeeInvis +   (weapon restricted)
rCold    . . .     Gourm    .   (shield restricted)
rNeg     . . .     Faith    .   a - +0 robe
rPois    .         Spirit   .   d - +1 hat
rElec    .         Reflect  .   (no cloak)
rCorr    .         Harm     .   (gloves unavailable)
MR       .....                  (boots unavailable)
Stlth    ++........             (no amulet)
Regen    0.1/turn               (no ring)
MPRegen  0.2/turn               (no ring)

@: very quick
A: unfitting armour, see invisible, herbivore 3, speed 3, slow metabolism 2
a: no special abilities


You were on level 3 of the Dungeon.
You were not hungry.

You visited 1 branch of the dungeon, and saw 3 of its levels.

You collected 198 gold pieces.

Inventory:

Hand Weapons
 o - a +0 dagger of venom
Missiles
 k - 3 throwing nets (quivered)
Armour
 a - a +0 robe (worn)
 d - a +1 hat (worn)
Jewellery
 l - an uncursed ring of positive energy {unknown}
 u - an uncursed ring of see invisible {unknown}
Scrolls
 i - a scroll of teleportation {unknown}
 m - 4 scrolls of remove curse {unknown}
 n - a scroll of recharging {unknown}
 p - 2 scrolls of fear {unknown}
 q - 4 scrolls of identify {unknown}
 r - a scroll of immolation {unknown}
Potions
 e - a potion of brilliance {unknown}
 g - a potion of curing {unknown}
 h - 2 potions of mutation {unknown}
 j - a potion of flight {unknown}
 s - 3 potions of agility {unknown}
 t - a potion of lignification {unknown}
 v - 2 potions of ambrosia {unknown}
Books
 b - a book of Conjurations

   Spells                             Type                      Level
   a - Magic Dart                     Conjuration                  1
   b - Searing Ray                    Conjuration                  2
   c - Dazzling Spray                 Conjuration/Hexes            3
   d - Fulminant Prism                Conjuration/Hexes            4
   e - Force Lance                    Conjuration/Translocation    4
   f - Iskenderun's Mystic Blast      Conjuration                  4
Comestibles
 c - a bread ration


   Skills:
 - Level 3.5 Dodging
 - Level 3.2 Stealth
 - Level 2.9 Spellcasting
 * Level 4.1 Conjurations


You had 5 spell levels left.
You knew the following spells:

 Your Spells              Type           Power        Failure   Level  Hunger
a - Magic Dart            Conj           ###.         3%          1    #......
b - Searing Ray           Conj           ###...       4%          2    ##.....


Dungeon Overview and Level Annotations

Branches:
Dungeon (3/15)

Altars:

Annotations:
D:3 Rrauwl's ghost, amateur HaAs


Innate Abilities, Weirdness & Mutations

You are very small and have problems with some larger weapons.
You are too small for most types of armour.
You have supernaturally acute eyesight. (SInv)
You are a herbivore.
You cover ground extremely quickly.
You need consume almost no food.


Message History

The searing ray hits Rrauwl's ghost.
Rrauwl's ghost is lightly damaged.
Rrauwl's ghost hits you.
The searing ray hits Rrauwl's ghost.
Rrauwl's ghost is moderately damaged.
Rrauwl's ghost hits you.
The searing ray misses Rrauwl's ghost.
You finish channeling your searing ray.
Rrauwl's ghost closely misses you. Rrauwl's ghost closely misses you.
The adder hisses angrily.
Rrauwl's ghost hits you!
* * * LOW HITPOINT WARNING * * *
Casting: Searing Ray
Confirm with . or Enter, or press ? or * to list all spells.
Okay, then.
As you read the scroll labeled YSAINAUTODGH, it crumbles to dust.
You feel aware of your surroundings.
It was a scroll of magic mapping.
Rrauwl's ghost whispers, "It is all a dream - a grotesque and foolish dream."
Rrauwl's ghost hits you.
You die...

* *,* #.................#### *
*,*######....##..#............
****,*.......................##..
,,,,,,...............>..#.##.....
*,**,,.........).†...#....##.##..
,,,,,,#.####.........>..#.##.##..
*,,,,*#,* #...#######.##....†...
*,**,**,*###.).### #.......###.
*,**,**,*#......@# ####..#####.
,,,,,,,,*#.#...#W#*** #..##....
*,*******#.#...../.,*** #.>##.##.
*,* *#,##$..S....,* #..##.##. ,,*
*,,,..<...#.#.#*#........ ***
*,,##..........*#########
****,,,........#..*
*,,,,,.###........*** **,**,,**
**,,,,,,,,,*


You could see Rrauwl's ghost and an adder.

Vanquished Creatures
  Natasha (D:2)
  An adder (D:3)
  3 dart slugs
  3 leopard geckos (D:1)
  7 bats
  4 giant cockroaches
  9 goblins
  5 hobgoblins
  3 frilled lizards
  8 kobolds
  4 rats
48 creatures vanquished.

Notes
Turn   | Place    | Note
-------+----------+-------------------------------------------
     0 | D:1      | Ketharn the Spriggan Conjurer began the quest for the Orb.
     0 | D:1      | Reached XP level 1. HP: 9/9 MP: 5/5
    19 | D:1      | Reached skill level 3 in Conjurations
   332 | D:1      | Reached XP level 2. HP: 10/13 MP: 0/6
   876 | D:1      | Reached XP level 3. HP: 16/16 MP: 6/8
  1870 | D:2      | Noticed Natasha
  2051 | D:3      | Learned a level 2 spell: Searing Ray
  2386 | D:2      | Killed Natasha
  2386 | D:2      | Reached skill level 4 in Conjurations
  2386 | D:2      | Reached XP level 4. HP: 21/21 MP: 4/9
  3110 | D:3      | Noticed Rrauwl's ghost (amateur HaAs)
  3120 | D:3      | Slain by Rrauwl's ghost

Skill      XL: |  1  2  3 |
---------------+----------+-----
Conjurations   | 3 4 |  4.1
Dodging        | |  3.5
Stealth        | |  3.2
Spellcasting   | |  2.9

Action                   |  1- 3 |  4- 6 || total
-------------------------+-------+-------++-------
 Cast: Magic Dart        |    95 |    17 ||   112
       Searing Ray       |     2 |     2 ||     4
  Use: Scroll            |       |     1 ||     1
Armor: Robe              |     9 |       ||     9
Dodge: Dodged            |    48 |     5 ||    53
